 Dungeon Crawl Stone Soup version 0.32-a0-30-gefbe487952 (webtiles) character file.

Game seed: 11924110473720865442

45 kae the Changeling (level 3, 0/27 HPs)
             Began as a Demonspawn Shapeshifter on Jan 19, 2024.
             Slain by Natasha (1 damage)
             ... on level 2 of the Dungeon.
             The game lasted 00:01:06 (745 turns).

kae the Changeling (Demonspawn Shapeshifter)         Turns: 745, Time: 00:01:07

Health: 0/27       AC:  2    Str: 14    XL:     3   Next: 42%
Magic:  3/3        EV: 12    Int: 10    God:
Gold:   78         SH:  0    Dex: 14    Spells: 2/2 levels left

rFire   . .          .
                       - Unarmed
rCold   . . .        (no shield)
rNeg    . . .        a - +0 animal skin
rPois   .            (helmet currently unavailable)
rElec   .            (cloak currently unavailable)
rCorr   .            (gloves currently unavailable)
SInv    .            (boots currently unavailable)
Will    +....        (no amulet)
Stlth   +            (no ring)
HPRegen 0.24/turn    (no ring)
MPRegen 0.08/turn

%: no passive effects
@: beast-form, enlightened, flying
A: beast (slay +1), foul stench 1
a: Begin Untransformation


You were on level 2 of the Dungeon.
You were a hulking beast.
You visited 1 branch of the dungeon, and saw 2 of its levels.

You collected 78 gold pieces.


Innate Abilities, Weirdness & Mutations

You are a hulking beast.
Your limbs bulge with bestial killing power. (Slay +1)
You may rarely emit foul miasma when damaged in melee.


   Skills:
 + Level 1.9 Fighting
 - Level 1.7 Dodging
 + Level 3.0 Unarmed Combat
 * Level 3.3 Shapeshifting


You had 2 spell levels left.
You didn't know any spells.
Your spell library contained the following spells:

 Spells                   Type           Power      Damage    Failure   Level
 Dazzling Flash           Conj/Hex       0%         N/A       75%         3
 Volatile Blastmotes      Fire/Tloc      0%         2d10      75%         3
 Starburst                Conj/Fire      0%         6d3       100%        6
 Maxwell's Capacitive Co  Air            0%         ∞         100%        8

Inventory:

Missiles
 e - 9 javelins (quivered)
Armour
 a - a +0 animal skin (worn)
Magical Staves
 g - a staff of alchemy {!a}
   (You found it on level 1 of the Dungeon)
Talismans
 c - a beast talisman
 d - a flux talisman
Scrolls
 i - 2 scrolls of identify {unknown}
Potions
 b - a potion of lignification {!q}

Dungeon Overview and Level Annotations

Branches:
Dungeon (2/15) Zot: 11260

Altars:

Shops:
D:2 (

Annotations:
D:2 Natasha

#..#####..........#
..##...#†...######.##
........>##.# #.#
..##........# #.#
......############.####(#
..)... .............#
...... ######.##.######
...... ........hg5......
...... #####.h#..#.....
...... #......##...####
...... ......... .∩.#
...#.#........#
.......)#.##..#
###.#####.# #:# . .# ..
.. #


You could see Natasha, a cerulean imp (summoned) and a goblin.


Message History

You take 2 damage, and now have 21/27 hp.
There are monsters nearby!
You hit the jackal.
You kill the jackal!
The jackal closely misses you.
You hit the jackal.
The jackal bites you but does no damage.
You hit the jackal. The jackal barely misses you. The jackal bites you.
You emit a cloud of foul miasma!
You hit the jackal.
You kill the jackal!
The jackal is engulfed in dark miasma.
The jackal is poisoned.
The jackal bites you but does no damage. 😮 HP[-1]
You take 1 damage, and now have 20/27 hp.
You hit the jackal.
The jackal bites you but does no damage.
The jackal is engulfed in dark miasma.
The jackal looks even sicker.
You kill the jackal!
The jackal pauses to sniff the ground.
The jackal closely misses you.
You hit the jackal.
The jackal bites you but does no damage. 😕 HP[+1]
You hit the jackal. The jackal closely misses you.
You barely miss the jackal. The jackal misses you.
You hit the jackal.
You kill the jackal! 😕 HP[+1]
You hit the kobold. The kobold closely misses you.
You hit the kobold but do no damage.
The kobold hits you with a +0 short sword. 😕 HP[-1]
You take 1 damage, and now have 21/27 hp.
You hit the kobold.
The kobold hits you with a +0 short sword. 😮 HP[-2]
You take 2 damage, and now have 19/27 hp.
You hit the kobold.
You kill the kobold!
No target in view! 😮 HP[+1] No target in view!
No target in view!
No target in view!
No target in view!
You see here a jackal corpse.
You now have 58 gold pieces (gained 16).
There is a stone staircase leading down, spattered with blood here.
You see here a +0 short sword.
You now have 65 gold pieces (gained 7).
You now have 78 gold pieces (gained 13).
You see here a jackal corpse.
You pick up a book of Spectacle and begin reading...
You add the spells Volatile Blastmotes, Dazzling Flash, Starburst and Maxwell's Capacitive Coupling to your library. 😎 HP[+7]
Your hp is fully restored (27).
Found Emies's Antique Weapon Shop.
Natasha, Servant of Life and Death comes into view.
Natasha is nearby!
Natasha hisses angrily.
A goblin comes into view. It is wielding a +0 club.
There are monsters nearby!
There are monsters nearby!
You barely miss Natasha.
The goblin shouts!
Natasha mumbles some strange words.
There are monsters nearby!
You hit Natasha.
Natasha wildly gestures.
Natasha's front paws start to glow.
Natasha claws you!
You hit Natasha but do no damage. Natasha casts a spell at you.
The magic dart hits you!
* * * LOW HITPOINT WARNING * * *
The cerulean imp misses you.
There are monsters nearby!
You are too injured to fight recklessly!
You are too injured to fight recklessly! 😨 HP[-16]
You take 16 damage, and now have 11/27 hp.
MASSIVE DAMAGE!! (PAUSE) Natasha closely misses you.
The goblin hits you with a +0 club.
* * * LOW HITPOINT WARNING * * *
The cerulean imp hits you from afar with a +2 spear.
* * * LOW HITPOINT WARNING * * *
Unknown command. 😨 HP[-4]
You take 4 damage, and now have 7/27 hp.
Natasha attacks as she pursues you! Natasha claws you.
* * * LOW HITPOINT WARNING * * *
😱 HP[-6]
You take 6 damage, and now have 1/27 hp.
MASSIVE DAMAGE!! (PAUSE) It was a potion of enlightenment.
You feel very buoyant.
You fly up into the air.
Natasha claws you.
You die...
Natasha begins licking her fur clean.

Skill      XL: |  1  2 |
---------------+-------+-----
Shapeshifting  | 3 |  3.3
Unarmed Combat | 3 |  3.0
Fighting       | |  1.9
Dodging        | |  1.7

Action                     || total
---------------------------++-------
  Melee: Unarmed           ||    85
         Punch             ||     1
    Use: Scroll            ||     1
         Potion            ||     1
   Stab: Sleeping          ||     2
 Armour: Animal skin       ||    45
  Dodge: Dodged            ||    53

Levels and vault maps discovered:
D:1:      scummos_arrival_simple_crosswalls, layout_rooms
D:2:      layout_basic, serial_shops, nicolae_shop_stone, uniq_robin,
          uniq_natasha

Notes
Turn   | Place    | Note
-------+----------+-------------------------------------------
     0 | D:1      | kae the Demonspawn Shapeshifter began the quest for the
                  | Orb.
     0 | D:1      | Reached XP level 1. HP: 15/15 MP: 1/1
     0 | D:1      | magus.rc [v1.11.3]
   228 | D:1      | Gained mutation: You may rarely emit foul miasma when
                  | damaged in melee. [demonic ancestry]
   228 | D:1      | Reached XP level 2. HP: 18/21 MP: 2/2
   337 | D:1      | Reached skill level 3 in Shapeshifting
   606 | D:2      | Noticed Robin
   616 | D:2      | Reached skill level 3 in Unarmed Combat
   627 | D:2      | Killed Robin
   628 | D:2      | Reached XP level 3. HP: 25/27 MP: 3/3
   733 | D:2      | You pick up a book of Spectacle and begin reading...
   733 | D:2      | You add the spells Volatile Blastmotes, Dazzling Flash,
                  | Starburst and Maxwell's Capacitive Coupling to your
                  | library.
   736 | D:2      | Found Emies's Antique Weapon Shop.
   736 | D:2      | Noticed Natasha
   744 | D:2      | HP: 1/27 [Natasha (6)]
   745 | D:2      | Slain by Natasha

Vanquished Creatures
  Robin (D:2)
  An adder (D:2)
  3 endoplasms (D:1)
  8 goblins
  2 hobgoblins
  4 jackals (D:2)
  3 ball pythons (D:1)
  A kobold (D:2)
  A rat (D:1)
24 creatures vanquished.

Table legend:
 A = Non-vault XP
 B = Vault XP
 C = Vault XP percentage of total XP
 D = Non-vault monster count
 E = Vault monster count
 F = Vault count percentage of total count
                 A         B        C        D         E       F
            +---------+---------+-------+---------+---------+-------
      Total |      38 |      27 |  41.5 |      16 |       8 |  33.3
            +---------+---------+-------+---------+---------+-------
        D:1 |      16 |       0 |   0.0 |      10 |       0 |   0.0
        D:2 |      22 |      27 |  55.1 |       6 |       8 |  57.1
            +---------+---------+-------+---------+---------+-------

Skill      XL: |  1  2 |
---------------+-------+-----
Shapeshifting  | 3 |  3.3
Unarmed Combat | 3 |  3.0
Fighting       | |  1.9
Dodging        | |  1.7

Action                     || total
---------------------------++-------
  Melee: Unarmed           ||    85
         Punch             ||     1
    Use: Scroll            ||     1
         Potion            ||     1
   Stab: Sleeping          ||     2
 Armour: Animal skin       ||    45
  Dodge: Dodged            ||    53

Illustrated notes

Table legend:
 A = Kills in this place as a percentage of kills in the entire game.
 B = Kills by you in this place as a percentage of kills by you in the entire game.
 C = Kills by friends in this place as a percentage of kills by friends in the entire game.
 D = Other kills in this place as a percentage of other kills in the entire game.
 E = Experience gained in this place as a percentage of experience gained in the entire game.
 F = Experience gained in this place divided by the number of levels of this place that you have seen.
                   A       B       C       D       E      F
               +-------+-------+-------+-------+-------+----------------------
         Total | 100.0 | 100.0 |   N/A |   N/A | 100.0 |  32.5
       Dungeon | 100.0 | 100.0 |   N/A |   N/A | 100.0 |  32.5
               +-------+-------+-------+-------+-------+----------------------

Table legend: (Time is in decaauts)
 A = Elapsed time spent in this place.
 B = Non-inter-level travel time spent in this place.
 C = Inter-level travel time spent in this place.
 D = Time resting spent in this place.
 E = Time spent auto-exploring this place.
 F = Levels seen in this place.
 G = Mean time per level.
                   A        B        C        D        E       F      G
               +--------+--------+--------+--------+--------+-----+--------+
         Total |    738 |    726 |     12 |      2 |    566 |   2 |  369.0 |
       Dungeon |    738 |    726 |     12 |      2 |    566 |   2 |  369.0 |
               +--------+--------+--------+--------+--------+-----+--------+

Top non-repeatable levels by time:
     D:1: 482 daAuts
     D:2: 255 daAuts
